 Dungeon Crawl Stone Soup version 0.22.1-1-ga44c0e5 (webtiles) character file.

68 Zachthehappycat2 the Sneak (level 4, -1/21 HPs)
             Began as a Spriggan Enchanter on Oct 18, 2018.
             Killed by divine providence
             ... invoked by an orc priest
              (15 damage)
             ... on level 3 of the Dungeon.
             The game lasted 00:04:24 (1037 turns).

Zachthehappycat2 the Sneak (Spriggan Enchanter)     Turns: 1037, Time: 00:04:25

Health: -1/21      AC:  2    Str:  4    XL:     4   Next: 1%
Magic:  9/10       EV: 22    Int: 17    God:
Gold:   102        SH:  0    Dex: 16    Spells: 5/9 levels left

rFire    . . .     SeeInvis +   j - +2 whip (elec)
rCold    . . .     Gourm    .   (shield restricted)
rNeg     . . .     Faith    .   b - +0 robe
rPois    .         Spirit   .   (helmet restricted)
rElec    .         Reflect  .   (no cloak)
rCorr    .         Harm     .   (gloves unavailable)
MR       .....                  (boots unavailable)
Stlth    +++.......             (no amulet)
HPRegen  0.07/turn              e - +3 ring of evasion
MPRegen  0.12/turn              (no ring)

@: very quick
A: very small, unfitting armour, see invisible, herbivore, speed 3, slow
metabolism 2
a: no special abilities


You were on level 3 of the Dungeon.
You were not hungry.

You visited 1 branch of the dungeon, and saw 3 of its levels.

You collected 102 gold pieces.

Inventory:

Hand Weapons
 a - a +1 dagger
 j - a +2 whip of electrocution (weapon)
Armour
 b - a +0 robe (worn)
Jewellery
 e - a +3 ring of evasion (left hand)
Scrolls
 f - 2 scrolls of remove curse {unknown}
 g - a scroll of identify {unknown}
 h - 2 scrolls of blinking {unknown}
 m - a scroll of fog {unknown}
 o - a scroll of amnesia {unknown}
Potions
 c - a potion of degeneration {unknown}
 i - 3 potions of heal wounds {unknown}
 k - a potion of berserk rage {unknown}
 l - a potion of curing {unknown}
 n - a potion of haste {unknown}
Comestibles
 d - 5 rations


   Skills:
 + Level 2.0 Short Blades
 + Level 3.8 Dodging
 + Level 5.2 Stealth
 + Level 3.3 Spellcasting
 + Level 4.2 Hexes


You had 5 spell levels left.
You knew the following spells:

 Your Spells              Type           Power        Failure   Level  Hunger
a - Corona                Hex            ###....      3%          1    None
b - Confuse               Hex            ###.....     9%          3    ###....

Your spell library contained the following spells:

 Spells                   Type           Power        Failure   Level  Hunger
 Tukima's Dance           Hex            ###.....     9%          3    ###....
 Ensorcelled Hibernation  Hex/Ice        ##....       11%         2    ##.....
 Dazzling Spray           Conj/Hex       ##....       22%         3    ###....


Dungeon Overview and Level Annotations

Branches:
Dungeon (3/15)

Altars:
Gozag
Trog

Annotations:
D:3 Sigmund


Innate Abilities, Weirdness & Mutations

You are very small and have problems with some larger weapons.
You are too small for most types of armour.
You have supernaturally acute eyesight. (SInv)
You are a herbivore.
You cover ground extremely quickly.
You need to consume almost no food.


Message History

You barely miss the bat. The bat misses you. The bat completely misses you.
You miss the bat. The bat misses you.
Sigmund the Dreaded comes into view.
He is wielding a scythe.
The bat hits you.
You hit the bat.
You kill the bat!
An orc comes into view. It is wielding a mace.
The orc misses you.
Casting: Corona (safe; 3% risk of failure)
Confirm with . or Enter, or press ? or * to list all spells.
Aiming: Corona (safe; 3% risk of failure)
Press: ? - help, Shift-Dir - straight line, f - orc
Aim: an orc, wielding a trident and wearing a leather armour (chance to defeat The orc is outlined in light.
Sigmund shouts!
The orc hits you but does no damage.
The orc priest invokes the aid of Beogh against you.
Beogh smites you!
Ouch! That really hurt!
You die...

.#...## ....... #........
##..... #........ #.#
#..... #...@...#
####.##........
#.......#####.......##.....
##......o.....(....###.....
#.......###.........##.....
#...................##.....
#.......##@.....o...##.....
##........o.....o..........
##...#####........?##...[.
#### ##......[###.....
#.........##.....
#.........##.....
#...<.....##.....
#.........###....
#.........# ##...


You could see Sigmund, an orc priest and 2 orcs.

Vanquished Creatures
  A worker ant (D:2)
  An adder (D:2)
  A dart slug (D:3)
  A leopard gecko (D:2)
  9 bats
  2 giant cockroaches
  5 goblins
  3 hobgoblins (D:2)
  3 kobolds
  A frilled lizard (D:1)
  6 rats
33 creatures vanquished.

Notes
Turn   | Place    | Note
-------+----------+-------------------------------------------
     0 | D:1      | Zachthehappycat2 the Spriggan Enchanter began the quest for
                  | the Orb.
     0 | D:1      | Reached XP level 1. HP: 9/9 MP: 5/5
   439 | D:2      | Reached XP level 2. HP: 13/13 MP: 6/6
   586 | D:2      | Found an opulent altar of Gozag.
   592 | D:2      | Reached skill level 5 in Stealth
   592 | D:2      | Reached XP level 3. HP: 16/16 MP: 8/8
   881 | D:2      | Learned a level 3 spell: Confuse
   972 | D:3      | Found a bloodstained altar of Trog.
  1014 | D:3      | Reached XP level 4. HP: 14/21 MP: 10/10
  1028 | D:3      | Noticed Sigmund
  1037 | D:3      | Killed from afar by an orc priest

Skill      XL: |  1  2  3 |
---------------+----------+-----
Spellcasting   | 3 |  3.3
Hexes          | 4 |  4.2
Stealth        | 5 |  5.2
Short Blades   | 2 |  2.0
Dodging        | |  3.8

Action                   |  1- 3 |  4- 6 || total
-------------------------+-------+-------++-------
Melee: Dagger            |    15 |       ||    15
       Whip              |    69 |     3 ||    72
 Cast: Corona            |     4 |     1 ||     5
 Stab: Sleeping          |     7 |       ||     7
Armor: Robe              |     4 |     1 ||     5
Dodge: Dodged            |    84 |     6 ||    90
